 Dungeon Crawl Stone Soup version 0.14.0-7-g2801ba0 (webtiles) character file.

1854 MirrMurr the Covert (level 8, -5/36 HPs)
             Began as a Spriggan Enchanter on Apr 13, 2014.
             Was an Initiate of Ashenzari.
             Killed from afar by a deep elf mage (19 damage)
             ... with a fireball
             ... on Level 6 of the Dungeon.
             The game lasted 00:39:53 (7505 turns).

MirrMurr the Covert (Spriggan Enchanter)            Turns: 7505, Time: 00:39:53

HP  -5/36        AC  3     Str  6      XL: 8   Next: 66%
MP  28/33        EV 18     Int 18      God: Ashenzari [......]
Gold 214         SH  0     Dex 16      Spells:  2 memorised, 13 levels left

rFire  . . .     SeeInvis +     a - +2,+4 dagger (curse)
rCold  . . .     Clarity  .     b - +1 robe (curse)
rNeg   . . .     Conserve .     (shield restricted)
rPois  .         rCorr    .     (helmet restricted)
rElec  .         rRot     .     (no cloak)
SustAb . .       Spirit   .     (gloves unavailable)
rMut   .         Warding  .     (boots unavailable)
Saprov . . .     Stasis   .     (no amulet)
MR     +....                    t - +1 ring of intelligence
                                q - cursed ring of magical power

@: very quick, somewhat resistant to hostile enchantments, extremely stealthy
A: unfitting armour, see invisible, herbivore 3, speed 3, slow metabolism 2
a: Renounce Religion


You were on level 6 of the Dungeon.
You worshipped Ashenzari.
Ashenzari was noncommittal.
You were full.

You visited 2 branches of the dungeon, and saw 7 of its levels.
You also visited: Sewer.

You collected 214 gold pieces.

Inventory:

Hand weapons
 a - a cursed +2,+4 dagger (weapon)
Missiles
 d - 5 darts (quivered)
Armour
 b - a cursed +1 robe (worn)
Magical devices
 u - a wand of disintegration (17)
Comestibles
 g - 2 bread rations
 k - 2 chokos
Scrolls
 f - 4 scrolls of remove curse
 n - 2 scrolls of fog
 B - 2 scrolls of blinking
Jewellery
 h - an uncursed amulet of conservation {unknown}
 q - a cursed ring of magical power (left hand)
 t - a +1 ring of intelligence (right hand)
 D - an uncursed amulet of resist corrosion {unknown}
Potions
 e - a potion of porridge
 o - a potion of agility {unknown}
 r - 4 potions of curing
 s - 2 potions of might
 v - a potion of cure mutation {unknown}
 x - 2 potions of magic
 z - a potion of berserk rage {unknown}
 A - a potion of haste {unknown}
 C - a potion of invisibility {unknown}
 E - a potion of heal wounds {unknown}
 G - a potion of paralysis {unknown}
Books
 c - a book of Maledictions

   Spells                             Type                      Level
   Corona                             Hexes                        1
   Sure Blade                         Hexes/Charms                 2
   *Ensorcelled Hibernation           Hexes/Ice                    2
   *Confuse                           Hexes                        3
   Enslavement                        Hexes                        4
   Invisibility                       Hexes                        6
 F - a book of Changes

   Spells                             Type                      Level
   Beastly Appendage                  Transmutation                1
   Sticks to Snakes                   Transmutation                2
   Spider Form                        Transmutation/Poison         3
   Ice Form                           Ice/Transmutation            4
   Blade Hands                        Transmutation                5


   Skills:
 * Level 7.6 Short Blades
 - Level 1.1 Throwing
 - Level 3.0 Dodging
 * Level 11.7 Stealth
 + Level 5.6 Spellcasting
 - Level 3.6 Hexes


You had 13 spell levels left.
You knew the following spells:

 Your Spells              Type           Power        Failure   Level  Hunger
a - Ensorcelled Hibernat  Hex/Ice        ##....       12%         2    None
b - Confuse               Hex            ###.....     10%         3    ##.....


Dungeon Overview and Level Annotations

Branches:
Dungeon (6/15)             Temple (1/1) D:5

Altars:
Ashenzari
Cheibriados
Dithmenos
Elyvilon
Fedhas
Kikubaaqudgha
Makhleb
Nemelex Xobeh
Okawaru
Sif Muna
Trog
Vehumet
Xom
Yredelemnul
Zin
The Shining One

Shops:
D:4 =

Annotations:
D:6 Pikel


Innate Abilities, Weirdness & Mutations

You are tiny and cannot use many weapons and most armour.
You have supernaturally acute eyesight.
You are a herbivore.
You cover ground extremely quickly.
You need consume almost no food.


Message History

Read which item? (? for menu, Esc to quit)
As you read the scroll of fog, it crumbles to dust.
The scroll dissolves into smoke.
Read which item? (? for menu, Esc to quit)
As you read the scroll of teleportation, it crumbles to dust.
You feel strangely unstable.
There is an open door here.
Your magical contamination has completely faded away.
Casting: Ensorcelled Hibernation
Confirm with . or Enter, or press ? or * to list all spells.
Aiming: Confuse
Press: ? - help, Shift-Dir - straight line, f - deep elf mage
Aim: a deep elf mage, wielding a long sword The deep elf mage resists with almost no effort.
Your surroundings seem slightly different.
Unknown command.
The deep elf mage gestures at you while chanting.
The fireball explodes!
The fireball engulfs you!
Ouch! That really hurt!
You die...

...e##). #§#
.###..# #§#
####>e#######§####
....##..>...§§§§.#
..#.##.#....§§§..#
...+.###.....e@§.#
...#...+.........#
...#####.........#
...# #........@#
#+## #.........#
#.........#
#######+###


You could see a deep elf mage and a slave.

Vanquished Creatures
  Grinder (D:5)
  Prince Ribbit (D:5)
  4 ogres
  An ice beast (D:6)
  3 centaurs
  Blork the orc (D:5)
  A scorpion (D:6)
  A black bear zombie (D:5)
  2 hounds (D:4)
  An iguana (D:6)
  A worker ant (D:4)
  Terence (D:2)
  13 adders
  2 giant mites
  2 worms
  An iguana zombie (D:5)
  An adder zombie (D:6)
  A giant eyeball (D:5)
  5 giant geckos
  An ooze (D:4)
  9 orcs
  A ball python (D:1)
  16 bats
  A bat zombie (D:5)
  4 giant cockroaches
  14 goblins
  9 hobgoblins
  3 jackals (D:5)
  5 quokkas
  3 giant newts (D:1)
  A jackal skeleton (D:6)
  12 kobolds
  An orc zombie (D:5)
  43 rats
  A rat skeleton (D:4)
167 creatures vanquished.

Notes
Turn   | Place    | Note
--------------------------------------------------------------
     0 | D:1      | MirrMurr, the Spriggan Enchanter, began the quest for the Orb.
     0 | D:1      | Reached XP level 1. HP: 9/9 MP: 4/4
   379 | D:1      | Reached skill level 4 in Stealth
   402 | D:1      | Reached XP level 2. HP: 13/13 MP: 7/7
   406 | D:1      | Learned a level 2 spell: Ensorcelled Hibernation
   818 | D:1      | Reached skill level 5 in Stealth
  1485 | D:2      | Reached XP level 3. HP: 16/16 MP: 9/9
  1490 | D:2      | Learned a level 3 spell: Confuse
  1547 | D:2      | Noticed Terence
  1584 | D:2      | Killed Terence
  1775 | D:2      | Reached skill level 6 in Stealth
  1992 | D:2      | Reached XP level 4. HP: 21/21 MP: 12/12
  2669 | D:3      | Reached XP level 5. HP: 20/24 MP: 14/14
  2671 | D:3      | Found a glowing drain.
  2681 | Sewer    | Entered a sewer
  2743 | Sewer    | Reached skill level 7 in Stealth
  3169 | D:3      | Found a basalt altar of Yredelemnul.
  3937 | D:4      | Found Douwom's Jewellery Shoppe.
  3958 | D:4      | Noticed a phantom
  4088 | D:4      | Reached skill level 8 in Stealth
  4200 | D:4      | Reached XP level 6. HP: 28/28 MP: 17/17
  4257 | D:4      | Noticed an ogre
  4546 | D:4      | Killed an ogre
  4835 | D:4      | Noticed an ogre
  5159 | D:4      | Noticed an ogre
  5188 | D:4      | Killed an ogre
  5771 | D:4      | Killed an ogre
  5771 | D:4      | Reached skill level 5 in Short Blades
  5771 | D:4      | Reached skill level 9 in Stealth
  5771 | D:4      | Reached XP level 7. HP: 32/32 MP: 20/20
  5777 | D:4      | Found a bloodstained altar of Trog.
  5782 | D:4      | Found a white marble altar of Elyvilon.
  5989 | D:5      | Entered Level 5 of the Dungeon
  6004 | D:5      | Noticed Prince Ribbit
  6013 | D:5      | Killed Prince Ribbit
  6390 | D:5      | Noticed Blork the orc
  6402 | D:5      | Killed Blork the orc
  6402 | D:5      | Reached skill level 10 in Stealth
  6407 | D:5      | Found a radiant altar of Vehumet.
  6485 | D:5      | Noticed Grinder
  6501 | D:5      | Killed Grinder
  6501 | D:5      | Reached XP level 8. HP: 31/36 MP: 23/23
  6793 | D:5      | Found a staircase to the Ecumenical Temple.
  6797 | D:5      | Reached skill level 11 in Stealth
  6797 | D:5      | Reached skill level 5 in Spellcasting
  6800 | Temple   | Entered the Ecumenical Temple
  6809 | Temple   | Became a worshipper of Ashenzari the Shackled
  7150 | D:6      | Found an iron altar of Okawaru.
  7300 | D:6      | Noticed a deep elf mage
  7496 | D:6      | Noticed Pikel
  7505 | D:6      | Killed from afar by a deep elf mage

Action                   |  1- 3 |  4- 6 |  7- 9 || total
-------------------------+-------+-------+-------++-------
Melee: Dagger            |   105 |   304 |   138 ||   547
Throw: Dart              |     2 |       |       ||     2
 Cast: Corona            |     3 |       |       ||     3
       Ensorcelled Hiber |     7 |    51 |    10 ||    68
       Confuse           |     1 |     9 |    10 ||    20
Evoke: Wand              |       |     1 |       ||     1
  Use: Scroll            |     2 |     1 |    17 ||    20
       Potion            |       |     3 |       ||     3
 Stab: Sleeping          |    15 |    30 |    19 ||    64
       Confused          |     1 |       |     6 ||     7
       Distracted        |       |       |     1 ||     1
